 Dungeon Sprint DCSS version 0.29.1-12-g30fa7ad0bf (webtiles) character file.

Game seed: 14365434806416885832

7 Groucho the Scratcher (level 1, -3/9 HPs)
             Began as a Felid Transmuter on Jan 8, 2023.
             Slain by a worm (10 damage)
             ... in the Dungeon (Sprint II: "The Violet Keep of Menkaure").
             The game lasted 00:01:03 (162 turns).

Groucho the Scratcher (Felid Transmuter)             Turns: 162, Time: 00:01:03

Health: -3/9       AC:  1    Str:  6    XL:     1   Next: 83%
Magic:  4/4        EV: 17    Int: 14    God:
Gold:   243        SH:  0    Dex: 16    Spells: 3/4 levels left
                                        Lives:  0   Deaths: 0

rFire   . . .      SeeInvis +     - Unarmed
rCold   . . .      Faith    .   (shield unavailable)
rNeg    . . .      Spirit   .   (body armour unavailable)
rPois   .          Reflect  .   (helmet unavailable)
rElec   .          Harm     .   (cloak unavailable)
rCorr   .          Rampage  .   (gloves unavailable)
Will    .....      NoTele   +   (boots unavailable)
Stlth   ++........              (no amulet)
HPRegen 0.03/turn               (no ring)
MPRegen 0.09/turn               (no ring)

@: quick
A: very small, claws 1, fangs 3, see invisible, speed 1, shaggy fur 1, stealthy
paws, no weapons or thrown items, no armour, multi-lived
a: no special abilities


You were in the Dungeon.
You visited 1 branch You collected 243 gold pieces.

Inventory:

Scrolls
 g - a scroll of blinking
Potions
 b - a potion of curing
 c - a potion of heal wounds
 d - a potion of haste
 e - 2 potions of magic
 f - a potion of berserk rage


   Skills:
 - Level 1.0 Fighting
 - Level 2.6 Dodging
 * Level 3.2 Stealth
 + Level 3.4 Unarmed Combat
 + Level 2.4 Spellcasting
 + Level 2.8 Transmutations


You had 3 spell levels left.
You knew the following spells:

 Your Spells              Type           Power      Damage    Failure   Level
a - Beastly Appendage     Tmut           18%        N/A       7%          1

Your spell library contained the following spells:

 Spells                   Type           Power      Damage    Failure   Level
 Wereblood                Tmut           9%         N/A       11%         2
 Spider Form              Tmut/Pois      5%         N/A       36%         3
 Ice Form                 Ice/Tmut       5%         N/A       77%         4


Dungeon Overview and Level Annotations

Branches:
Dungeon (1/1)

Altars:

Shops:
D =*![*(?!=!


Innate Abilities, Weirdness & Mutations

You have sharp claws.
You have razor-sharp teeth.
You have supernaturally acute eyesight. (SInv)
You cover ground quickly. (Speed+)
You are covered in fur. (AC +1)
Your paws help you pounce on unaware monsters.
You are incapable of wielding weapons or throwing items.
You cannot wear armour.
You gain extra lives every three experience levels.


Message History

You feel less wooden.
You start waiting.
Done waiting.
There is an open door here.
You see here 243 gold pieces.
You pounce on the unaware helpless worm!
You mangle the worm!!
You kill the worm!
Your Stealth skill increases to level 3!
Unknown command.
Unknown command.
You now have 243 gold pieces.
You see here a worm corpse.
You open the door.
Found five shops.
A worm comes into view.
Found five shops.
There is an open door here.
You pounce on the unaware helpless worm!
You claw the worm! You bite the worm.
The worm is severely wounded.
The worm bites you.
There is an open door here.
You scratch the worm. You bite the worm.
The worm is almost dead.
The worm closely misses you.
You barely miss the worm.
The worm is almost dead.
You see here a worm corpse.
You scratch the worm.
The worm is almost dead.
There is an open door here.
You scratch the worm.
The worm is severely wounded.
There is a staircase leading out of the dungeon here.
You barely miss the worm.
The worm is severely wounded.
The worm bites you!
Ouch! That really hurt!
You die...

######~ ..∩.∩#~
.∩...#~ ∩.∩..#~
.∩...#~ ##
∩....#~##.# #+#
.∩...#~#.####.##
+~'##.'w@.+
.∩.∩.#~#.†.##.##
▓▓▓###~##.###+#
######~ ### ##


You could see a worm.

Vanquished Creatures
  2 worms (D)
2 creatures vanquished.

Notes
Turn   | Place    | Note
-------+----------+-------------------------------------------
     0 | D        | Groucho the Felid Transmuter began the quest for the Orb.
     0 | D        | Reached XP level 1. HP: 9/9 MP: 4/4
   143 | D        | Found Ligg's Antique Armour Shoppe.
   143 | D        | Found Qixitogasch's Distillery.
   143 | D        | Found Dadiefev's Distillery.
   143 | D        | Found Ajoiner's Distillery.
   143 | D        | Found Hoteim's Magic Scroll Emporium.
   144 | D        | Found Esaotat's Jewellery Emporium.
   144 | D        | Found Owygrin's Antique Weapon Shoppe.
   144 | D        | Found Ycetiug's General Store.
   144 | D        | Found Axam's General Store.
   144 | D        | Found Gaeluq's Jewellery Emporium.
   162 | D        | Slain by a worm

Illustrated notes

Levels and vault maps discovered:
D:        the_violet_keep_of_menkaure [sprint2_stairs_cluster_1,
          sprint2_shoproom, sprint2_temple, sprint2_basic_supplies,
          sprint2_obstacle_5, sprint2_obstacle_1, sprint2_obstacle_3,
          sprint2_obstacle_2, sprint2_obstacle_7, sprint2_timed_cluster_1,
          sprint2_smallroom_cluster_1, sprint2_smallroom_final_cluster_1,
          sprint2_transparent_cluster_1, sprint2_second_timed_cluster_1,
          sprint2_sniper_area_1, sprint2_heavy_combat_area_1,
          sprint2_mutation_trap_area_1, sprint2_forest_area_1,
          sprint2_light_combat_area_1, sprint2_behind_water_1,
          sprint2_near_end_vault_1]

Skill      XL: |  1 |
---------------+----+-----
Stealth        | 3 |  3.2
Fighting       | |  1.0
Dodging        | |  2.6
Unarmed Combat | |  3.4
Spellcasting   | |  2.4
Transmutations | |  2.8

Action                   || total
-------------------------++-------
Melee: Unarmed           ||     9
       Bite              ||     2
       Punch             ||     1
  Use: Potion            ||     1
 Stab: Sleeping          ||     2
Dodge: Dodged            ||     2
